 Dungeon Crawl Stone Soup version 0.30.1-4-g462c640d31 (webtiles) character file.

Game seed: 9093565013984998726

188 safid the Chiller (level 5, -7/41 HPs)
             Began as a Merfolk Ice Elementalist on Aug 25, 2023.
             Killed from afar by an orc wizard (10 damage)
             ... with a puff of flame
             ... on level 4 of the Dungeon.
             The game lasted 00:03:00 (2521 turns).

safid the Chiller (Merfolk Ice Elementalist)        Turns: 2521, Time: 00:03:03

Health: -7/41      AC:  2    Str:  8    XL:     5   Next: 67%
Magic:  0/10       EV: 10    Int: 22    God:
Gold:   253        SH:  0    Dex: 19    Spells: 3/10 levels left

rFire   . . .        b - +6 rapier of the Abyss {speed, Int+5 Dex+5}
rCold   . . .        (no shield)
rNeg    . . .        a - +0 robe
rPois   .            (no helmet)
rElec   .            (no cloak)
rCorr   .            (no gloves)
SInv    .            (no boots)
Will    .....        p - amulet of guardian spirit
Stlth   ++           (no ring)
HPRegen 0.26/turn    (no ring)
MPRegen 0.12/turn

%: guardian spirit
@: grasped by roots, very slightly contaminated, constricted
A: (nimble swimmer 2), mertail
a: no special abilities


You were on level 4 of the Dungeon.
You visited 1 branch of the dungeon, and saw 4 of its levels.

You collected 253 gold pieces.

Inventory:

Hand Weapons
 b - the +6 rapier of the Abyss (weapon) {speed, Int+5 Dex+5}
   (You found it on level 3 of the Dungeon)

   Int:       It affects your intelligence (+5).
   Dex:       It affects your dexterity (+5).
Armour
 a - a +0 robe (worn)
Jewellery
 p - an amulet of guardian spirit (around neck)
Scrolls
 f - 4 scrolls of identify {unknown}
 g - 2 scrolls of fog {unknown}
 i - a scroll of brand weapon {unknown}
 j - a scroll of immolation {unknown}
 l - 2 scrolls of butterflies {unknown}
 m - a scroll of magic mapping {unknown}
 o - a scroll of blinking {unknown}
 q - a scroll of teleportation {unknown}
 t - a scroll of noise {unknown}
Potions
 c - a potion of mutation {unknown}
 d - a potion of resistance {unknown}
 e - a potion of flight {unknown}
 h - a potion of might {unknown}
 k - 2 potions of degeneration {unknown}
 n - a potion of attraction {unknown}
 r - 2 potions of ambrosia {unknown}
 s - 2 potions of curing


   Skills:
 + Level 3.1 Fighting
 - Level 2.6 Dodging
 - Level 2.1 Stealth
 + Level 3.3 Spellcasting
 + Level 5.5 Ice Magic


You had 3 spell levels left.
You knew the following spells:

 Your Spells              Type           Power      Damage    Failure   Level
a - Freeze                Ice            100%       1d10      1%          1
b - Frozen Ramparts       Ice            56%        1d9       3%          3
c - Ozocubu's Armour      Ice            28%        N/A       3%          3

Your spell library contained the following spells:

 Spells                   Type           Power      Damage    Failure   Level
 Vhi's Electric Charge    Tloc/Air       6%         N/A       34%         3
 Summon Ice Beast         Ice/Summ       15%        N/A       36%         4
 Arcjolt                  Conj/Air       1%         1d11      97%         5
 Maxwell's Capacitive Co  Air            1%         ∞         100%        8


Dungeon Overview and Level Annotations

Branches:
Dungeon (4/15)
 Temple: D:4-7

Altars:

Shops:
D:2 [   D:3 [

Portals:
Abyss: D:3

Annotations:
D:3 2 transporters, ManwhosaysNo's ghost, amateur VSNe
D:4 Ijyb


Innate Abilities, Weirdness & Mutations

((You are very nimble when in or above water. (Stealth+, EV+, Speed+++)))
Your lower body shifts to a powerful aquatic tail in water.


Message History

You hit Ijyb but do no damage.
Ijyb is lightly wounded.
Ijyb closely misses you. The grasping roots constrict you.
The orc wizard hits you with a +0 dagger.
* * * LOW HITPOINT WARNING * * *
The grasping roots release their grip on you.
Unknown command.
You closely miss the orc wizard.
The orc wizard is moderately wounded.
Ijyb zaps a wand.
The roots erupt in riotous growth!
The grasping roots grab you!
Ijyb is unaffected.
The orc wizard is unaffected.
The grasping roots constrict you.
* * * LOW HITPOINT WARNING * * *
The orc wizard gestures wildly while chanting.
The orc wizard flickers and vanishes!
Deactivating autopickup; reactivate with Ctrl-A.
Casting: Freeze (safe; 1% risk of failure)
Confirm with . or Enter, or press ? or * to list all spells.
Aiming: Freeze (safe; 1% risk of failure)
Press: ? - help, Shift-Dir - straight line, f - Ijyb
Aim: Ijyb, wielding a +0 dagger, wearing a +0 chain mail and carrying a wand of roots (6) (lightly wounded)
You freeze Ijyb!
Ijyb is heavily wounded.
A black bear comes into view.
Ijyb screams, "Level is mine!
All mine!"
Ijyb hits you with a +0 dagger.
* * * LOW HITPOINT WARNING * * *
The grasping roots constrict you.
* * * LOW HITPOINT WARNING * * *
Something hits you.
* * * LOW HITPOINT WARNING * * *
Unknown command.
It was a potion of curing.
You feel better. Ijyb closely misses you. The grasping roots constrict you.
* * * LOW HITPOINT WARNING * * *
You hear some strange, mumbled words.
A puff of flame appears from out of thin air!
The puff of flame hits you!
You die...

##.##...##
........### ##
.#####.....##.#
.#........#
.8.'..###..##
#...#.......#
#####.....$.#
.........##
..#h.....@#
..###....g{)......
##............
#..###....####
#... ##....# .....
#...# .### ....
.....


You could see a black bear and Ijyb.

Vanquished Creatures
  2 orc priests (D:2)
  An iguana (D:3)
  3 adders
  3 gnolls (D:4)
  A worm (D:2)
  2 dart slugs (D:3)
  3 orcs
  A bat (D:2)
  5 endoplasms
  A hobgoblin (D:4)
  4 jackals (D:2)
  A quokka (D:3)
  4 ball pythons
  2 frilled lizards (D:3)
  A goblin (D:3)
  5 kobolds
  3 rats
42 creatures vanquished.

Vanquished Creatures (others)
  A hound (D:3)
1 creature vanquished.

Grand Total: 43 creatures vanquished

Notes
Turn   | Place    | Note
-------+----------+-------------------------------------------
     0 | D:1      | safid the Merfolk Ice Elementalist began the quest for the
                  | Orb.
     0 | D:1      | Reached XP level 1. HP: 13/13 MP: 3/3
   655 | D:2      | Reached XP level 2. HP: 12/20 MP: 5/5
   739 | D:2      | Reached skill level 1 in Fighting
   842 | D:2      | Found Zovoriad's Antique Armour Boutique.
   983 | D:2      | Reached XP level 3. HP: 6/27 MP: 1/6
   987 | D:2      | Reached skill level 5 in Ice Magic
   987 | D:2      | Reached XP level 4. HP: 4/33 MP: 4/8
   992 | D:2      | Learned a level 3 spell: Frozen Ramparts
   996 | D:2      | Learned a level 3 spell: Ozocubu's Armour
  1521 | D:3      | Reached XP level 5. HP: 4/39 MP: 0/9
  1523 | D:3      | Found a faded altar of an unknown god.
  1679 | D:3      | Identified the +6 rapier of the Abyss {speed, Int+5 Dex+5}
  1686 | D:3      | Found Adotwism's Antique Armour Boutique.
  1904 | D:3      | Noticed ManwhosaysNo's ghost (amateur VSNe)
  1910 | D:3      | Found a transporter.
  1918 | D:3      | Found a one-way gate to the infinite horrors of the Abyss.
  2044 | D:3      | Found a transporter.
  2060 | D:3      | Noticed a small abomination
  2510 | D:4      | Noticed Ijyb
  2520 | D:4      | Noticed a black bear
  2520 | D:4      | HP: 2/41 [something (1)]
  2521 | D:4      | Killed from afar by an orc wizard

Illustrated notes

Levels and vault maps discovered:
D:1:      matt_arrival_refuge, layout_rooms
D:2:      layout_basic, serial_shops, nicolae_shop_tiny_real_fake_doors
D:3:      layout_rooms, chequers_ecumenical_altar_simple,
          gammafunk_ghost_abyssal_escape, serial_shops, nicolae_shop_peninsula,
          serial_bayou, serial_bayou_ford_a, serial_bayou_pond_e,
          serial_bayou_crossing, serial_bayou_shore_b, serial_bayou_pond_d,
          lemuel_flame_loot_1
D:4:      layout_layer_cave, nicolae_wu_jian_immortal_techniques,
          minmay_misc_feat_room, uniq_pargi, uniq_ijyb

Skill      XL: |  1  2  3  4  5 |
---------------+----------------+-----
Fighting       | 1 2 3 |  3.1
Ice Magic      | 5 |  5.5
Spellcasting   | 3 |  3.3
Dodging        | |  2.6
Stealth        | |  2.1

Action                     |  1- 3 |  4- 6 || total
---------------------------+-------+-------++-------
  Melee: Hand axe          |    13 |       ||    13
         Dagger            |    22 |    29 ||    51
         Rapier            |       |    35 ||    35
         Punch             |       |     1 ||     1
   Cast: Freeze            |     9 |     7 ||    16
         Frozen Ramparts   |       |     5 ||     5
         Ozocubu's Armour  |       |     1 ||     1
    Use: Potion            |     1 |     1 ||     2
   Stab: Sleeping          |     2 |     2 ||     4
 Armour: Robe              |    10 |     9 ||    19
  Dodge: Dodged            |    26 |    33 ||    59
